 Dungeon Crawl Stone Soup version 0.30-a0-718-geaa24f58ff (webtiles) character file.

Game seed: 2329194172124790809

17456 DungeonMaster the Thaumaturge (level 12, 74/74 HPs)
             Began as a Demonspawn Hedge Wizard on Jan 25, 2023.
             Was a Believer of Vehumet.
             Quit the game in a bailey.
             The game lasted 00:36:55 (13280 turns).

DungeonMaster the Thaumaturge (DsHW)               Turns: 13280, Time: 00:36:56

Health: 74/74      AC: 10    Str: 11    XL:     12   Next: 19%
Magic:  24/28      EV: 22    Int: 20    God:    Vehumet [**....]
Gold:   566        SH:  0    Dex: 13    Spells: 21/35 levels left

rFire   . . .      SeeInvis .    a - +2 dagger (venom)
rCold   + . .      Faith    .    (no shield)
rNeg    . . .      Spirit   .    o - +3 leather armour {rC+}
rPois   .          Reflect  .    (helmet restricted)
rElec   .          Harm     .    K - +1 cloak
rCorr   .          Rampage  .    (no gloves)
Will    .....                    b - +0 pair of boots
Stlth   ++                       D - amulet of the acrobat
HPRegen 0.32/turn                t - +5 ring of evasion
MPRegen 0.21/turn                G - +5 ring of evasion

@: no status effects
A: antennae 1, ignite blood 1, powered by death 2, sturdy frame 2
a: Renounce Religion


You were in a bailey.
You worshipped Vehumet.
Vehumet was pleased with you.
You visited 1 branch of the dungeon, and saw 10 of its levels.
You also visited: Bailey.

You collected 566 gold pieces.

Inventory:

Hand Weapons
 a - a +2 dagger of venom (weapon)
 s - a +4 vampiric dagger
 y - a +2 whip of flaming
 z - a +0 hand axe of venom
 A - a +0 demon whip
 O - a +0 scimitar of flaming
Missiles
 e - 11 poisoned darts
 j - 70 stones
 J - 6 datura-tipped darts
Armour
 b - a +0 pair of boots (worn)
 o - a +3 leather armour of cold resistance (worn)
 p - a +1 helmet
 K - a +1 cloak (worn)
 L - the +4 leather armour "Uhenaug" {Int+5}
   (You found it on level 8 of the Dungeon)

   Int:       It affects your intelligence (+5).
 M - +0 acid dragon scales
 N - a +0 troll leather armour
Jewellery
 h - a ring of resist corrosion
 t - a +5 ring of evasion (left hand)
 D - an amulet of the acrobat (around neck)
 E - a ring of fire
 G - a +5 ring of evasion (right hand)
 P - a +4 ring of protection
Wands
 c - a wand of iceblast (24)
 m - a wand of charming (12)
 B - a wand of flame (15)
 I - a wand of mindburst (2)
Scrolls
 f - 4 scrolls of teleportation
 g - 7 scrolls of blinking
 r - 2 scrolls of fog
 x - 2 scrolls of immolation
Potions
 d - 2 potions of magic
 i - a potion of cancellation {unknown}
 k - 3 potions of brilliance
 l - 3 potions of curing {unknown}
 n - 2 potions of heal wounds
 q - 2 potions of berserk rage
 u - 2 potions of haste {unknown}
 v - a potion of flight {unknown}
 w - 2 potions of ambrosia
 C - 3 potions of might {unknown}
 F - 2 potions of mutation {unknown}
 H - 2 potions of lignification {unknown}
 R - 2 potions of resistance {unknown}
 S - 2 potions of invisibility {unknown}


   Skills:
 - Level 6.0 Armour
 - Level 1.7 Dodging
 - Level 1.7 Stealth
 * Level 12.0 Spellcasting
 * Level 9.3 Conjurations
 - Level 1.0 Summonings
 - Level 0.8 Translocations
 * Level 6.5 Fire Magic
 - Level 5.0 Air Magic
 - Level 2.6 Poison Magic


You had 21 spell levels left.
You knew the following spells:

 Your Spells              Type           Power      Damage    Failure   Level
a - Magic Dart            Conj           100%       1d8       1%          1
b - Sticky Flame          Conj/Fire      43%        2d6       2%          4
c - Flame Wave            Conj/Fire      43%        2d11      2%          4
d - Mephitic Cloud        Conj/Pois/Air  34%        N/A       1%          3
j - Blink                 Tloc           30%        N/A       6%          2

Your spell library contained the following spells:

 Spells                   Type           Power      Damage    Failure   Level
 Shock                    Conj/Air       100%       1d9       1%          1
 Summon Small Mammal      Summ           64%        N/A       3%          1
 Cigotuvi's Dreadful Rot  Necr/Pois/Air  44%        N/A       3%          2
 Inner Flame              Hex/Fire       25%        N/A       4%          3
 Slow                     Hex            48%        N/A       5%          1
 Call Imp                 Summ           16%        N/A       5%          2
 Call Canine Familiar     Summ           16%        N/A       11%         3
 Summon Guardian Golem    Hex/Summ       14%        N/A       14%         3
 Irradiate                Conj/Tmut      15%        3d16      22%         5
 Passage of Golubria      Tloc           15%        N/A       36%         4
 Silence                  Hex/Air        11%        N/A       50%         5
 Blade Hands              Tmut           6%         N/A       83%         5
 Dragon Form              Tmut           6%         N/A       100%        7
 Lehudib's Crystal Spear  Conj/Erth      15%        10d5      100%        8


Dungeon Overview and Level Annotations

Branches:
Dungeon (10/15)            Temple (0/1) D:7            Lair (0/5) D:8
 Bailey (1/1)
    Orc: D:9-12

Altars:
Ashenzari
Cheibriados
Hepliaklqana
Trog
Uskayaw
Vehumet
Wu Jian
Yredelemnul

Annotations:
D:3 3 runed translucent doors, Ralffii009's ghost, weakling KoEn
D:9 2 transporters, 3 runed translucent doors, Dartaoz's ghost, novice DrCj


Innate Abilities, Weirdness & Mutations

You have a pair of small antennae on your head.
Your demonic aura sometimes causes spilled blood to erupt in flames.
You regenerate health from kills.
Your movements are less encumbered by armour. (ER -4)


Message History

Aiming: Magic Dart (safe; 1% risk of failure)
Press: ? - help, Shift-Dir - straight line, f/p - orc
Aim: an orc, wielding a +0 halberd (severely wounded, 100% to hit)
The magic dart hits the orc.
You kill the orc!
Vehumet accepts your kill.
You feel your power returning.
Casting: Magic Dart (safe; 1% risk of failure)
Confirm with . or Enter, or press ? or * to list all spells.
Aiming: Magic Dart (safe; 1% risk of failure)
Press: ? - help, Shift-Dir - straight line, f - you That beam is likely to hit you.
Continue anyway?
Okay, then.
There is an open door, spattered with blood here.
Items here: ))) [ †††.
Items here: )) [ †.
Things that are here:
a +0 hand axe; an orc corpse
Things that are here:
a +0 spear; a +0 ring mail; an orc corpse
Found a potion of experience, a green potion and 2 amethyst potions.
Found a potion of heal wounds, a glowing emerald potion and 2 blue potions.
Found a potion of brilliance and 2 red potions.
There is an open gate here.
Q - a potion of experience
u - 2 green potions (gained 1)
R - 2 amethyst potions
S - 2 blue potions
F - 2 glowing emerald potions (gained 1)
n - 2 potions of heal wounds (gained 1)
k - 3 potions of brilliance (gained 1)
C - 2 red potions (gained 1)
C - 3 red potions (gained 1)
You feel more experienced!
Your Spellcasting skill gained 3 levels and is now at level 12!
You have reached level 12!
You feel agile.
Your demonic ancestry asserts itself...
A pair of antennae grows on your head!
Your +1 helmet falls away!
Are you sure you want to abandon this character and quit the game? (Confirm with "yes".)

#######
########.....##
#.....#.....))#####
+.....'...##.)#....
+.....'....8.))....
+.@...'...##.)#....
#.....#......)#####
########.....##
#######


There were no monsters in sight!

Vanquished Creatures
  Erica (D:10)
  3 two-headed ogres
  Pikel (D:7)
  An unseen horror (D:8)
  A kobold demonologist (D:10)
  A troll (D:9)
  8 yaks
  A wyvern (D:7)
  2 steam dragons
  3 wargs (D:7)
  An acid dragon (D:9)
  5 water moccasins
  2 orc warriors
  2 sky beasts
  2 ice beasts
  An ogre (D:5)
  2 phantoms
  4 centaurs
  A lemure (D:6)
  A kobold brigand (D:6)
  3 bullfrogs
  A gnoll sergeant (D:10)
  4 scorpions
  6 killer bees
  5 howler monkeys
  5 orc priests
  9 hounds
  2 jellies
  A gnoll bouda (D:4)
  Ijyb (D:3)
  An iguana (D:7)
  Natasha (twice) (D:3)
  4 orc wizards
  Robin (D:3)
  17 gnolls
  4 adders
  3 shadow imps (D:6)
  A white imp (D:6)
  3 ufetubi
  A worm (D:4)
  A dart slug (D:4)
  37 orcs
  5 ball pythons
  4 bats
  11 endoplasms
  7 giant cockroaches
  19 goblins
  18 hobgoblins
  3 jackals
  5 quokkas
  4 frilled lizards
  17 kobolds
  6 rats
254 creatures vanquished.

Vanquished Creatures (collateral kills)
  An acid dragon (D:8)
1 creature vanquished.

Vanquished Creatures (others)
  5 fungi (D:3)
  10 plants
15 creatures vanquished.

Grand Total: 270 creatures vanquished

Notes
Turn   | Place    | Note
-------+----------+-------------------------------------------
     0 | D:1      | DungeonMaster the Demonspawn Hedge Wizard began the quest
                  | for the Orb.
     0 | D:1      | Reached XP level 1. HP: 13/13 MP: 4/4
   199 | D:1      | Gained mutation: You regenerate a little health from kills.
                  | [demonic ancestry]
   199 | D:1      | Reached XP level 2. HP: 2/19 MP: 1/6
   308 | D:1      | Learned a level 2 spell: Blink
   838 | D:1      | Found a faded altar of an unknown god.
  1224 | D:1      | Gained mutation: Your movements are slightly less
                  | encumbered by armour. (ER -2) [demonic ancestry]
  1224 | D:1      | Reached XP level 3. HP: 24/24 MP: 6/8
  2405 | D:3      | Noticed Ijyb
  2405 | D:3      | Found a bloodstained altar of Trog.
  2412 | D:2      | Learned a level 3 spell: Mephitic Cloud
  2457 | D:3      | Gained mutation: Your demonic aura sometimes causes spilled
                  | blood to erupt in flames. [demonic ancestry]
  2457 | D:3      | Reached XP level 4. HP: 23/30 MP: 1/9
  2728 | D:3      | Found a runed translucent gate.
  2728 | D:3      | Found a runed translucent gate.
  2728 | D:3      | Found a runed translucent gate.
  2763 | D:3      | Reached skill level 1 in Air Magic
  2763 | D:3      | Reached skill level 1 in Poison Magic
  2888 | D:3      | Noticed Robin
  2976 | D:3      | Killed Robin
  3129 | D:3      | Reached XP level 5. HP: 35/35 MP: 2/10
  3331 | D:3      | Killed Ijyb
  3803 | D:3      | Noticed Natasha
  3814 | D:3      | Killed Natasha
  3815 | D:3      | Reached skill level 1 in Armour
  3927 | D:3      | Noticed Natasha
  3936 | D:3      | Killed Natasha
  3937 | D:3      | Reached XP level 6. HP: 24/41 MP: 8/11
  4024 | D:3      | Noticed Ralffii009's ghost (weakling KoEn)
  4183 | D:4      | Reached skill level 4 in Spellcasting
  4760 | D:4      | Reached XP level 7. HP: 46/46 MP: 0/13
  5524 | D:5      | Entered Level 5 of the Dungeon
  5935 | D:5      | Reached skill level 5 in Spellcasting
  5957 | D:5      | Reached XP level 8. HP: 45/52 MP: 3/15
  7196 | D:6      | Found a radiant altar of Vehumet.
  7220 | D:6      | Reached skill level 5 in Conjurations
  7689 | D:6      | Became a worshipper of Vehumet
  7834 | D:6      | Reached skill level 6 in Spellcasting
  7834 | D:6      | Reached skill level 5 in Air Magic
  7950 | D:6      | Learned a level 4 spell: Sticky Flame
  7955 | D:6      | Learned a level 4 spell: Flame Wave
  7971 | D:7      | Found a hide-covered altar of Uskayaw.
  8101 | D:7      | Noticed Pikel
  8116 | D:7      | Gained mutation: You regenerate health from kills. [demonic
                  | ancestry]
  8116 | D:7      | Reached XP level 9. HP: 24/57 MP: 15/18
  8121 | D:7      | Your ally Pikel died
  8122 | D:7      | Reached skill level 1 in Fire Magic
  8324 | D:7      | Found a hazy altar of Hepliaklqana.
  8350 | D:7      | Reached skill level 5 in Armour
  8466 | D:7      | Found a staircase to the Ecumenical Temple.
  8524 | D:7      | Found a basalt altar of Yredelemnul.
  9414 | D:7      | Reached skill level 7 in Spellcasting
 10047 | D:7      | Reached XP level 10. HP: 37/63 MP: 16/20
 10467 | D:8      | Noticed a two-headed ogre
 10504 | D:8      | Killed a two-headed ogre
 10698 | D:8      | Identified the +4 leather armour "Uhenaug" {Int+5}
 11222 | D:8      | Reached skill level 8 in Spellcasting
 11222 | D:8      | Reached skill level 5 in Fire Magic
 11272 | D:8      | Reached * piety under Vehumet
 11272 | D:8      | Offered knowledge of Sandblast by Vehumet.
 11321 | D:8      | Found a staircase to the Lair.
 11682 | D:9      | Found a transporter.
 11683 | D:9      | Found a transporter.
 11683 | D:9      | Noticed a boulder beetle
 11820 | D:9      | Found a runed translucent gate.
 11821 | D:9      | Found a runed translucent gate.
 11822 | D:9      | Found a runed translucent gate.
 11822 | D:9      | Noticed Dartaoz's ghost (novice DrCj)
 12198 | D:9      | Noticed a two-headed ogre
 12224 | D:9      | Killed a two-headed ogre
 12381 | D:9      | Found a broken altar of Ashenzari.
 12381 | D:9      | Found an ornate altar of the Wu Jian Council.
 12788 | D:10     | Entered Level 10 of the Dungeon
 12792 | D:10     | Noticed Erica
 12801 | D:10     | Gained mutation: Your movements are less encumbered by
                  | armour. (ER -4) [demonic ancestry]
 12801 | D:10     | Reached XP level 11. HP: 59/68 MP: 11/23
 12843 | D:10     | Killed Erica
 12894 | D:10     | Found a snail-covered altar of Cheibriados.
 12941 | D:10     | Found the +6 shillelagh "Devastator" {shatter}
 12945 | D:10     | Noticed a two-headed ogre
 12951 | D:10     | Found a flagged portal.
 12973 | D:10     | Killed a two-headed ogre
 12974 | D:10     | Reached skill level 9 in Spellcasting
 12979 | Bailey   | Entered a bailey
 13182 | Bailey   | Offered knowledge of Shock by Vehumet.
 13184 | Bailey   | Reached ** piety under Vehumet
 13279 | Bailey   | Reached skill level 12 in Spellcasting
 13279 | Bailey   | Gained mutation: You have a pair of small antennae on your
                  | head. [demonic ancestry]
 13279 | Bailey   | Reached XP level 12. HP: 74/74 MP: 24/28
 13280 | Bailey   | Quit the game

Illustrated notes

Levels and vault maps discovered:
D:1:      lemuel_arrival_room, layout_loops_ring,
          shapermc_ecumenical_altar_hornbeckon, minmay_misc_feat_cross
D:2:      layout_loops_cross, minmay_goblin_kobold_house
D:3:      layout_loops_ring, mainiacjoe_overflow_boulevard, gammafunk_ghost_icy,
          chequers_serial_rivers_marsh, grunt_ministairs_15,
          minmay_quadrilaterals, uniq_ijyb, uniq_natasha, uniq_robin
D:4:      layout_layer_cave, serial_bayou_crossing
D:5:      layout_basic, mainiacjoe_overflow_alcove_2
D:6:      layout_rooms, lemuel_doored_altar, corexii_leaking_fountain
D:7:      layout_loops_ring, nzn_hepliaklqana_mist_gate,
          mainiacjoe_overflow_surrounded_room, nicolae_uskayaw_suspiria,
          temple_pool_b, uniq_pikel
D:8:      layout_cave_pools, erik_lair_orcish_takeover
D:9:      gammafunk_boulding_lane, layout_long_grid,
          gammafunk_temple_overflow_pools, gammafunk_ghost_nasty_kobolds
D:10:     layout_irregular_city, grunt_temple_overflow_order_and_chaos_2,
          mainiacjoe_overflow_catch_the_wave, enter_bailey_3,
          hellmonk_guarded_unrand_cigotuvi, uniq_erica
Bailey:   bailey_polearm_5, bailey

Skill      XL: |  1  2  3  4  5  6  7  8  9 10 11 |
---------------+----------------------------------+-----
Conjurations   | 2 3 4 5 7 8 9 |  9.3
Air Magic      | 1 2 3 5 |  5.0
Poison Magic   | 1 2 |  2.6
Armour         | 1 2 3 4 6 |  6.0
Spellcasting   | 4 5 6 7 8 12 | 12.0
Fire Magic     | 3 6 |  6.5
Dodging        | |  1.7
Stealth        | |  1.7
Summonings     | |  1.0
Translocations | |  0.8

Action                     |  1- 3 |  4- 6 |  7- 9 | 10-12 || total
---------------------------+-------+-------+-------+-------++-------
  Melee: Dagger            |    43 |    64 |   198 |   167 ||   472
         Punch             |     1 |     1 |     3 |     2 ||     7
  Throw: Dart              |       |       |       |     1 ||     1
   Cast: Magic Dart        |   110 |   111 |   267 |   102 ||   590
         Mephitic Cloud    |       |     9 |    24 |    46 ||    79
         Blink             |       |       |     1 |     2 ||     3
         Sticky Flame      |       |       |       |     4 ||     4
  Evoke: Wand              |       |       |     4 |     9 ||    13
    Use: Scroll            |     7 |     1 |     6 |     3 ||    17
         Potion            |       |       |     2 |     1 ||     3
   Stab: Sleeping          |     1 |       |       |     1 ||     2
         Confused          |       |     2 |     5 |     8 ||    15
 Armour: Robe              |    18 |     6 |       |       ||    24
         Leather armour    |       |    11 |   117 |    50 ||   178
  Dodge: Dodged            |    45 |    40 |   179 |   225 ||   489

Table legend: (Time is in decaauts)
 A = Elapsed time spent in this place.
 B = Non-inter-level travel time spent in this place.
 C = Inter-level travel time spent in this place.
 D = Time resting spent in this place.
 E = Time spent auto-exploring this place.
 F = Levels seen in this place.
 G = Mean time per level.
                   A        B        C        D        E       F      G
               +--------+--------+--------+--------+--------+-----+--------+
         Total |  13317 |  12843 |    474 |   3420 |   6748 |  11 | 1210.6 |
       Dungeon |  13016 |  12542 |    474 |   3227 |   6748 |  10 | 1301.6 |
        Bailey |    300 |    300 |      0 |    193 |      0 |   1 |  300.0 |
               +--------+--------+--------+--------+--------+-----+--------+

Top non-repeatable levels by time:
     D:7: 2518 daAuts
     D:3: 1633 daAuts
     D:4: 1499 daAuts
     D:1: 1307 daAuts
     D:5: 1277 daAuts
     D:2: 1252 daAuts
     D:9: 1227 daAuts
     D:6: 1063 daAuts
     D:8: 1044 daAuts
  Bailey: 300 daAuts
    D:10: 191 daAuts
